 Dungeon Crawl Stone Soup version 0.27-a0-1196-g3e9cee4cb2 (webtiles) character file.

Game seed: 3227174905693557660

16572 robertstho the Thaumaturge (level 12, 0/126 HPs)
             Began as a Djinni Fire Elementalist on May 27, 2021.
             Was an Initiate of Gozag.
             Slain by a skeletal warrior
             ... wielding a +0 long sword
              (8 damage)
             ... on level 11 of the Dungeon.
             The game lasted 00:32:09 (19756 turns).

robertstho the Thaumaturge (DjFE)                  Turns: 19756, Time: 00:32:11

Health: 0/126      AC: 26    Str:  7    XL:     12   Next: 71%
Gold:   2875       EV:  2    Int: 24    God:    Gozag SH:  0 Dex: 22

rFire    . . .     SeeInvis .   K - +2 short sword (freeze)
rCold    + . .     Faith    .   (no shield)
rNeg     + + +     Spirit   .   (armour currently unavailable)
rPois    ∞         Reflect  .   (helmet currently unavailable)
rElec    .         Harm     .   (cloak currently unavailable)
rCorr    .         Rampage  .   (gloves currently unavailable)
Will     ++...     NoTele   +   (boots unavailable)
Stlth    +++.......             (no amulet)
HPRegen  0.31/turn              C - ring of Symmetry {rC+ Will+ Int+4}
MPRegen  0.00/turn              q - +6 ring of dexterity

@: tree-form, studying Short Blades
A: stationary, stasis, torment immunity, boosted hp, sickness immunity, (fire
resistance 2), (cold vulnerability 1), float, innate caster, hp casting, extra
vitality 1
a: Renounce Religion, Potion Petition, Call Merchant, Bribe Branch


You were on level 11 of the Dungeon.
You worshipped Gozag.
Gozag was most pleased with you.
You were a tree.
You visited 1 branch of the dungeon, and saw 11 of its levels.
You also visited: Ossuary.

You collected 2949 gold pieces.
You paid 74 gold pieces to Gozag.

Inventory:

Hand Weapons
 d - the +6 arbalest "Damnation" {damnation}
   (You acquired it on level 6 of the Dungeon)
 e - a +2 vampiric short sword
 m - a +1 dagger of holy wrath
 H - a +0 dagger of protection
 K - a +2 short sword of freezing (weapon)
 M - a +4 scimitar of flaming
Armour
 a - a +0 robe
 g - a +0 cloak (melded)
 t - a +0 pair of gloves (melded)
 L - a +2 robe of willpower (melded)
Jewellery
 b - a ring of fire
 c - a ring of protection from cold
 f - a ring of protection from fire
 q - a +6 ring of dexterity (right branch)
 C - the ring of Symmetry (left branch) {rC+ Will+ Int+4}
   (You found it on level 7 of the Dungeon)

   [ring of willpower]

   It affects your intelligence (+4).
   It protects you from cold.
   It increases your willpower.
Wands
 o - a wand of mindburst (5)
 x - a wand of flame (43)
 y - a wand of iceblast (8)
 G - a wand of acid (7)
 J - a wand of polymorph (8)
Scrolls
 i - 5 scrolls of magic mapping {unknown}
 j - 2 scrolls of fog
 u - 2 scrolls of vulnerability
 w - 5 scrolls of immolation
 B - a scroll of blinking {unknown}
 E - 8 scrolls of identify
 F - 4 scrolls of enchant armour {unknown}
 I - a scroll of holy word {unknown}
Potions
 h - 2 potions of haste {unknown}
 k - a potion of flight {unknown}
 n - 7 potions of brilliance {unknown}
 p - a potion of magic {unknown}
 r - 10 potions of ambrosia
 z - 2 potions of attraction
 A - a potion of mutation
 D - 2 potions of degeneration {unknown}
 N - 2 potions of heal wounds {unknown}
 O - a potion of lignification


   Skills:
 * Level 6.6 Fighting
 + Level 2.7 Short Blades
 + Level 4.2 Dodging
 + Level 4.1 Stealth
 * Level 13.5 Spellcasting


You had 9 spell levels left.
You knew the following spells:

 Your Spells              Type           Power      Damage    Failure   Level
a - Foxfire               Conj/Fire      100%       2x1d9     0%          1
b - Conjure Flame         Conj/Fire      69%        6-21      1%          3
c - Inner Flame           Hex/Fire       69%        N/A       1%          3
d - Sticky Flame          Conj/Fire      69%        2d8       1%          4
e - Fireball              Conj/Fire      34%        3d14      1%          5
f - Shock                 Conj/Air       100%       1d9       0%          1
g - Wereblood             Tmut           69%        N/A       1%          2
h - Call Imp              Summ           69%        N/A       1%          2
i - Summon Lightning Spi  Summ/Air       69%        N/A       1%          4
j - Leda's Liquefaction   Hex/Erth       34%        N/A       1%          4
Your spell library was empty.

Dungeon Overview and Level Annotations

Branches:
Dungeon (11/15)            Temple (0/1) D:7            Lair (0/6) D:11
Ossuary (visited)
    Orc: D:9-12

Altars:
Ashenzari
Cheibriados
Dithmenos
Fedhas
Gozag
Qazlal
Sif Muna
Trog
Wu Jian
Xom
Zin

Shops:
D:3 [

Annotations:
D:4 3 runed translucent doors, mandarbmax's ghost, amateur FoFi


Innate Abilities, Weirdness & Mutations

You are a tree.
Your roots penetrate the ground, keeping you stationary.
You cannot be teleported.
You are immune to unholy pain and torment.
Your maximum health is greatly increased.
Your equipment is partially melded.
You are immune to sickness and miasma.
You are immune to poison.
((Your flesh is very heat resistant. (rF++)))
((You are vulnerable to cold. (rC-)))
You float through the air rather than walking.
You learn spells naturally, not from books.
Your magical power is your life essence.
You have superior vitality. (+4 HP)


Message History

The fireball explodes!
The fireball engulfs the skeletal warrior!
The skeletal warrior resists.
The skeletal warrior is moderately damaged.
Casting: Fireball (mildly dangerous; 1% risk of failure)
Confirm with . or Enter, or press ? or * to list all spells.
Aiming: Sticky Flame (safe; 1% risk of failure)
Press: ? - help, Shift-Dir - straight line, f/p - skeletal warrior
Aim: a skeletal warrior, wielding a +0 long sword and wearing a ring of fire (moderately damaged, 100% to hit)
The sticky flame hits the skeletal warrior.
The skeletal warrior resists.
The skeletal warrior is moderately damaged.
The skeletal warrior is covered in liquid flames!
The skeletal warrior burns!
The skeletal warrior hits you with a +0 long sword!!
The skeletal warrior burns!
The skeletal warrior burns!
The skeletal warrior burns!
The skeletal warrior burns!
The skeletal warrior stops burning.
You feel better.
The skeletal warrior hits you with a +0 long sword!!
* * * LOW HITPOINT WARNING * * *
Casting: Sticky Flame (safe; 1% risk of failure)
Confirm with . or Enter, or press ? or * to list all spells.
Okay, then.
As you read the scroll of fear, it crumbles to dust.
You assume a fearsome visage.
The wraith is unaffected.
The skeletal warrior is unaffected.
The skeletal warrior hits you with a +0 long sword!
* * * LOW HITPOINT WARNING * * *
It was a potion of lignification.
You turn into a tree.
Your +0 cloak melds into your body.
Your +0 pair of gloves melds into your body.
Your +2 robe of willpower melds into your body.
You feel less strong-willed.
Your roots penetrate the ground.
The wraith hits you but does no damage.
The skeletal warrior hits you with a +0 long sword!
You die...
Your body crumbles into a pile of gold.

......8$.........# .........#
.................# .......<.#
........z........###############
.........########.....
....)....# .... ...)....##
####... ....)))..# #....#
.......'8# #.#..#
##.....#######.z♣.####
...............W.....#
..#..######.............
........................
#########'##########..8. ...
............. ... ............
### #### ############.........#
..#########..........#.........#


You could see a skeletal warrior and a wraith.

Vanquished Creatures
  Erica (D:10)
  3 two-headed ogres
  A skeletal warrior (D:11)
  Pikel (D:6)
  A manticore (D:7)
  3 gargoyles (D:10)
  A kobold demonologist (D:11)
  A queen bee (D:9)
  2 trolls
  A shadow (D:11)
  2 wraiths
  9 yaks (D:11)
  Eustachio (D:6)
  2 steam dragons
  A basilisk (D:11)
  Menkaure (D:7)
  2 water moccasins
  2 acid dragons
  A hornet zombie (D:6)
  2 orc warriors
  2 ice beasts
  2 ogres (D:5)
  A sky beast (D:6)
  2 black bears (D:11)
  A necrophage (D:6)
  2 wolves (D:8)
  3 centaurs
  5 phantoms
  2 lemures (D:6)
  2 kobold brigands
  6 bullfrogs
  4 gnoll sergeants
  5 scorpions
  A wyvern zombie (D:5)
  8 water moccasin zombies (Ossuary)
  A water moccasin skeleton (D:6)
  A troll zombie (D:11)
  30 killer bees
  9 wights
  9 electric eels (D:11)
  2 howler monkeys (D:9)
  2 bullfrog zombies (D:6)
  5 centaur zombies
  4 hounds (D:6)
  3 jellies
  2 orc priests
  2 bullfrog skeletons
  4 centaur skeletons
  Jessica (D:3)
  4 iguanas
  8 orc wizards
  A scorpion zombie (D:5)
  4 ogre zombies (D:11)
  2 mummies (Ossuary)
  A howler monkey skeleton (D:5)
  15 gnolls
  9 adders
  A shadow imp (D:5)
  2 ufetubi
  3 adder zombies (Ossuary)
  7 worms
  3 dart slugs
  16 orcs
  6 endoplasms
  8 giant cockroaches
  9 goblins
  7 hobgoblins
  2 jackals (D:2)
  20 kobolds
  4 quokkas
  7 ball pythons
  2 bats (D:2)
  6 gnoll zombies (Ossuary)
  A goblin zombie (D:11)
  4 hobgoblin zombies (Ossuary)
  3 kobold zombies (Ossuary)
  11 orc zombies
  7 rats
332 creatures vanquished.

Vanquished Creatures (collateral kills)
  A skeletal warrior (D:11)
  A manticore (D:11)
  A hornet (D:10)
  A yak (D:11)
  Grum (D:8)
  3 water moccasins (D:11)
  A bullfrog (D:11)
  A scorpion (D:11)
  A gnoll sergeant (D:6)
  3 troll zombies (D:11)
  A wight (D:8)
  A white imp (D:8)
  An orc (D:6)
  A goblin skeleton (D:11)
  3 goblin zombies (D:11)
  A kobold (D:11)
  2 orc skeletons (D:11)
  5 orc zombies (D:11)
  A foxfire (Ossuary)
30 creatures vanquished.

Vanquished Creatures (others)
  A hobgoblin zombie (Ossuary)
  746 foxfires
  55 fungi (D:11)
  95 plants (D:11)
897 creatures vanquished.

Grand Total: 1259 creatures vanquished

Notes
Turn   | Place    | Note
-------+----------+-------------------------------------------
     0 | D:1      | robertstho the Djinni Fire Elementalist began the quest for
                  | the Orb.
     0 | D:1      | Reached XP level 1. HP: 15/15 MP: 0/0
   507 | D:1      | Reached XP level 2. HP: 17/21 MP: 0/0
   780 | D:1      | Found a faded altar of an unknown god.
  1290 | D:1      | Reached XP level 3. HP: 24/26 MP: 0/0
  1290 | D:1      | Learned a level 1 spell: Shock
  1342 | D:1      | Reached skill level 3 in Spellcasting
  1814 | D:2      | Noticed a scorpion
  1824 | D:2      | Killed a scorpion
  1825 | D:2      | Reached skill level 1 in Fighting
  1825 | D:2      | Reached XP level 4. HP: 10/32 MP: 0/0
  2056 | D:2      | Reached XP level 5. HP: 33/37 MP: 0/0
  2056 | D:2      | Learned a level 2 spell: Wereblood
  2327 | D:2      | Reached skill level 4 in Spellcasting
  3166 | D:3      | Noticed Jessica
  3169 | D:3      | Killed Jessica
  3372 | D:3      | Found Edadehei's Armour Emporium.
  3429 | D:3      | Found a blossoming altar of Fedhas.
  3429 | D:3      | Found a bloodstained altar of Trog.
  3429 | D:3      | Found a stormy altar of Qazlal.
  3429 | D:3      | Found a shimmering altar of Xom.
  3464 | D:3      | Found a shadowy altar of Dithmenos.
  3469 | D:3      | Found a glowing silver altar of Zin.
  3706 | D:3      | Reached XP level 6. HP: 39/42 MP: 0/0
  4169 | D:4      | Noticed an ice beast
  4175 | D:4      | Killed an ice beast
  4176 | D:4      | Reached skill level 5 in Spellcasting
  4231 | D:4      | Reached XP level 7. HP: 32/48 MP: 0/0
  4231 | D:4      | Learned a level 2 spell: Call Imp
  4593 | D:4      | Found a snail-covered altar of Cheibriados.
  5088 | D:4      | Noticed mandarbmax's ghost (amateur FoFi)
  5096 | D:4      | Found a runed translucent gate.
  5096 | D:4      | Found a runed translucent gate.
  5096 | D:4      | Found a runed translucent gate.
  5367 | D:5      | Entered Level 5 of the Dungeon
  5367 | D:5      | Found an ornate altar of the Wu Jian Council.
  5652 | D:5      | Reached skill level 6 in Spellcasting
  5861 | D:5      | Reached XP level 8. HP: 34/54 MP: 0/0
  6651 | D:5      | Reached skill level 7 in Spellcasting
  6920 | D:5      | Found an opulent altar of Gozag.
  6923 | D:5      | Became a worshipper of Gozag Ym Sagoz the Greedy
  6998 | D:6      | Identified a scroll of acquirement
  7002 | D:6      | Acquired the +6 arbalest "Damnation" {damnation}
  7003 | D:6      | Found the +6 arbalest "Damnation" {damnation}
  7012 | D:6      | Found a sand-covered staircase.
  7018 | Ossuary  | Entered an ossuary
  7430 | Ossuary  | Reached XP level 9. HP: 25/60 MP: 0/0
  7430 | Ossuary  | Learned a level 4 spell: Summon Lightning Spire
  7996 | D:6      | Reached skill level 8 in Spellcasting
  8106 | D:6      | Acquired a manual of Short Blades
  8556 | D:6      | Reached skill level 1 in Short Blades
  8736 | D:6      | Noticed Pikel
  8744 | D:6      | Killed Pikel
  8745 | D:6      | Reached skill level 9 in Spellcasting
  8885 | D:6      | Reached XP level 10. HP: 62/67 MP: 0/0
  9756 | D:6      | Noticed Eustachio
  9768 | D:6      | Killed Eustachio
 10280 | D:7      | Noticed a manticore
 10283 | D:7      | Reached skill level 10 in Spellcasting
 10283 | D:7      | Killed a manticore
 10532 | D:7      | Identified the ring of Symmetry {rC+ Will+ Int+4}
 10713 | D:7      | Noticed Menkaure
 10721 | D:7      | Killed Menkaure
 10934 | D:7      | Found the +18 shield of the Gong {rElec rN+ Will+ EV-5}
 10936 | D:7      | Found a staircase to the Ecumenical Temple.
 11706 | D:8      | Reached skill level 5 in Fighting
 12138 | D:8      | Noticed Grum
 12151 | D:8      | Reached XP level 11. HP: 54/76 MP: 0/0
 12151 | D:8      | Learned a level 4 spell: Leda's Liquefaction
 12155 | D:8      | Killed Grum
 12742 | D:8      | Found a broken altar of Ashenzari.
 12775 | D:9      | Reached skill level 11 in Spellcasting
 14888 | D:10     | Entered Level 10 of the Dungeon
 15297 | D:10     | Reached skill level 12 in Spellcasting
 15381 | D:10     | Noticed Erica
 15393 | D:10     | Killed Erica
 15788 | D:10     | Noticed a two-headed ogre
 16015 | D:10     | Noticed a two-headed ogre
 16031 | D:10     | Killed a two-headed ogre
 17174 | D:10     | Killed a two-headed ogre
 17175 | D:10     | Reached XP level 12. HP: 60/83 MP: 0/0
 17416 | D:11     | Noticed a two-headed ogre
 17419 | D:11     | Killed a two-headed ogre
 17422 | D:11     | Noticed a skeletal warrior
 17423 | D:11     | Noticed a skeletal warrior
 18546 | D:11     | Reached skill level 13 in Spellcasting
 19616 | D:11     | Found a staircase to the Lair.
 19689 | D:11     | Noticed a skeletal warrior
 19693 | D:11     | Killed a skeletal warrior
 19699 | D:11     | Killed a skeletal warrior
 19731 | D:11     | Noticed a skeletal warrior
 19756 | D:11     | Slain by a skeletal warrior

Illustrated notes

Levels and vault maps discovered:
D:1:      dpeg_arrival_solitude, layout_loops_corners,
          hellmonk_ecumenical_altar_arch_garden, hex_large
D:2:      layout_basic, serial_rivers, chequers_serial_rivers_micro_d,
          chequers_serial_rivers_micro_e, chequers_serial_rivers_micro_c,
          chequers_serial_rivers_large_b, hangedman_decor_growths
D:3:      layout_basic, minmay_overflow_temple_hex, serial_shops, shop,
          minmay_misc_feat_pillars, uniq_jessica
D:4:      layout_loops_ring, nicolae_overflow_crystal_walls, serial_glass,
          glass_columns_a, glass_columns_b, gammafunk_ghost_split
D:5:      layout_basic, lemuel_round_altar, marbit_many_paths
D:6:      minmay_polygon_palace, layout_basic, gup_sewer_entry_bowl,
          nicolae_ossuary_entry_ruins, grunt_ministairs_2,
          minmay_fractal_squares_5, uniq_eustachio, uniq_pikel
D:7:      layout_loops_ring, minmay_temple_entry_ruins,
          kennysheep_generic_room_6, uniq_menkaure
D:8:      layout_gridville, amethyst_overflow_temple_binary, uniq_grum
D:9:      layout_long_grid, special_room [special_room_bee]
D:10:     layout_basic, minmay_puff, uniq_erica
D:11:     layout_stronghold, due_lair_maze_entry_diamond, zombieorc2_lemuel,
          serial_bayou_ford_a, serial_bayou_lake_a

Skill      XL: |  1  2  3  4  5  6  7  8  9 10 11 12 |
---------------+-------------------------------------+-----
Spellcasting   | 3 4 5 6 7 9 10 12 13 | 13.5
Fighting       | 1 2 3 5 6 |  6.6
Stealth        | 2 3 4 |  4.1
Dodging        | 3 4 |  4.2
Short Blades   | 1 2 |  2.7

Action                   |  1- 3 |  4- 6 |  7- 9 | 10-12 || total
-------------------------+-------+-------+-------+-------++-------
Melee: Short sword       |       |       |     1 |     6 ||     7
       Dagger            |       |       |    13 |     9 ||    22
 Cast: Foxfire           |    68 |   129 |   182 |    80 ||   459
       Sticky Flame      |       |     2 |    32 |    27 ||    61
       Fireball          |       |       |    14 |   184 ||   198
       Summon Lightning  |       |       |       |    22 ||    22
       Leda's Liquefacti |       |       |       |     2 ||     2
  Use: Scroll            |       |       |    13 |     4 ||    17
       Potion            |       |       |     3 |     5 ||     8
 Stab: Distracted        |       |       |     1 |       ||     1
Armor: Robe              |     1 |     4 |    13 |    24 ||    42
       Skin              |       |       |       |     1 ||     1
Dodge: Dodged            |     9 |     5 |    48 |    69 ||   131

Table legend: (Time is in decaauts)
 A = Elapsed time spent in this place.
 B = Non-inter-level travel time spent in this place.
 C = Inter-level travel time spent in this place.
 D = Time resting spent in this place.
 E = Time spent auto-exploring this place.
 F = Levels seen in this place.
 G = Mean time per level.
                   A        B        C        D        E       F      G
               +--------+--------+--------+--------+--------+-----+--------+
         Total |  19761 |  19294 |    467 |   2404 |  14535 |  12 | 1646.8 |
       Dungeon |  18831 |  18364 |    467 |   1929 |  14297 |  11 | 1711.9 |
       Ossuary |    930 |    930 |      0 |    475 |    238 |   1 |  930.0 |
               +--------+--------+--------+--------+--------+-----+--------+

Top non-repeatable levels by time:
    D:10: 2601 daAuts
     D:6: 2318 daAuts
     D:9: 2140 daAuts
     D:8: 2016 daAuts
    D:11: 1793 daAuts
     D:1: 1741 daAuts
     D:5: 1625 daAuts
     D:2: 1259 daAuts
     D:4: 1197 daAuts
     D:3: 1166 daAuts
     D:7: 970 daAuts
 Ossuary: 930 daAuts
